 Dungeon Crawl Stone Soup version 0.27.1 (webtiles) character file.

Game seed: 3000953233669539444

170318 mainiacjoe the Brawler (level 17, -6/187 HPs)
             Began as a Troll Fighter on Aug 23, 2021.
             Was a Priest of Ashenzari.
             Mangled by a wolf spider (13 damage)
             ... on level 2 of the Lair of Beasts on Sept 1, 2021.
             The game lasted 01:31:49 (25951 turns).

mainiacjoe the Brawler (Troll Fighter)             Turns: 25951, Time: 01:31:49

Health: -6/187     AC:  7    Str: 33    XL:     17   Next: 37%
Magic:  16/16      EV: 17    Int:  4    God:    Ashenzari [***...]
Gold:   848        SH: 25    Dex: 15    Spells: 16/16 levels left

rFire    + + .     SeeInvis +     - Unarmed
rCold    + . .     Faith    .   F - +4 tower shield {rF+}
rNeg     . . .     Spirit   .   K - +0 troll leather armour of the Manifest Anarchy {Regen+, Melee, Self} (curse)
rPois    .         Reflect  .   (helmet restricted)
rElec    .         Harm     .   O - scarf "Per Aspera Ad Scientiam" {rC+ rF+, Evo, Fort} (curse)
rCorr    .         Rampage  .   (gloves unavailable)
Will     +....     Clarity  +   (boots unavailable)
Stlth    +.........             P - amulet of the Prophetic Anxiety {Acrobat, Self, Cun} (curse)
HPRegen  2.41/turn              T - +6 ring of dexterity
MPRegen  0.15/turn              L - ring of Ashenzari's Affliction {EV+4, Cun, Fort} (curse)

@: lethally poisoned (-6 -> -30), studying Throwing
A: large, unfitting armour, claws 3, regeneration 1, shaggy fur 1, tough skin 1
a: Renounce Religion, Curse Item, Shatter the Chains


You were on level 2 of the Lair of Beasts.
You worshipped Ashenzari.
Ashenzari was most pleased with you.
You visited 5 branches of the dungeon, and saw 25 of its levels.
You also visited: Bailey and Ice Cave.

You collected 2016 gold pieces.
You spent 1168 gold pieces at shops.

Inventory:

Hand Weapons
 b - the +8 hand crossbow of Xyofem {vorpal, Int+3}
   (You found it in a bailey)

   Any ammunition fired from it inflicts extra damage upon your enemies.
   Int:       It affects your intelligence (+3).
 E - a +5 hand crossbow of venom
Missiles
 e - 44 poisoned darts
 f - 4 throwing nets {=F}
 k - 63 boomerangs (quivered)
 r - 325 bolts
 u - 345 stones
 M - 17 large rocks {=F}
 Q - 3 javelins
 W - 8 boomerangs of dispersal {=F}
Armour
 F - a +4 tower shield of fire resistance (worn)
 K - the cursed +0 troll leather armour of the Manifest Anarchy (worn) {Regen+, Melee, Self}
   (You found it on level 10 of the Dungeon)

   Regen:     It increases your rate of health regeneration.
   It has a curse which improves the following skills: Melee Combat: Short
   Blades, Long Blades, Axes, Maces & Flails, Polearms, Staves and Unarmed
   Combat.
   Introspection: Fighting and Spellcasting.
 O - the cursed scarf "Per Aspera Ad Scientiam" (worn) {rC+ rF+, Evo, Fort}
   (You bought it in a shop on level 2 of the Orcish Mines)

   It has a curse which improves the following skills: Evocations: Evocations.
   Fortitude: Armour and Shields.
Jewellery
 m - a ring of poison resistance
 v - a +6 ring of strength
 L - the cursed ring of Ashenzari's Affliction (right claw) {EV+4, Cun, Fort}
   (You bought it in a shop on level 2 of the Dungeon)

   [ring of evasion]

   EV:        It affects your evasion (+4).
   It has a curse which improves the following skills: Cunning: Dodging and
   Stealth.
   Fortitude: Armour and Shields.
 P - the cursed amulet of the Prophetic Anxiety (around neck) {Acrobat, Self, Cun}
   (You acquired it on level 3 of the Lair of Beasts)

   [amulet of the acrobat]

   It increases your evasion while moving and waiting.
   It has a curse which improves the following skills: Introspection: Fighting
   and Spellcasting.
   Cunning:   Dodging and Stealth.
 T - a +6 ring of dexterity (left claw)
Wands
 c - a wand of mindburst (9)
 j - a wand of acid (18)
 x - a wand of digging (4)
 y - a wand of flame (72)
 B - a wand of polymorph (8)
 H - a wand of iceblast (14)
 R - a wand of charming (11)
Scrolls
 d - 2 scrolls of blinking
 n - 3 scrolls of immolation
 w - 6 scrolls of teleportation
 A - a scroll of summoning
 C - 4 scrolls of fear
 D - 6 scrolls of fog
 I - a scroll of silence
 N - 4 scrolls of magic mapping
Potions
 g - 2 potions of ambrosia
 h - 3 potions of invisibility
 i - 7 potions of attraction
 l - 8 potions of curing
 o - a potion of mutation
 p - 6 potions of heal wounds
 t - 3 potions of lignification
 z - 3 potions of might
 G - 5 potions of haste
 S - 5 potions of berserk rage
 U - a potion of resistance
 V - 2 potions of flight
Miscellaneous
 q - a piece from Xom's chessboard (14/15)
 X - a lightning rod (4/4)


   Skills:
 + Level 13.7(16.2) Fighting
 - Level 12.0 Throwing
 - Level 3.0(5.5) Armour
 - Level 7.0(10.0) Dodging
 - Level 9.2(12.0) Shields
 + Level 15.4(16.9) Unarmed Combat
 - Level 8.0(10.0) Evocations


You had 16 spell levels left.
You didn't know any spells.
Your spell library contained the following spells:

 Spells                   Type           Power      Damage    Failure   Level
 Sting                    Tmut/Pois      0%         1d3       75%         1
 Poisonous Vapours        Pois/Air       0%         N/A       86%         2
 Slow                     Hex            0%         N/A       86%         2
 Sublimation of Blood     Necr           0%         N/A       86%         2
 Confusing Touch          Hex            0%         N/A       98%         3
 Gell's Gravitas          Tloc           0%         N/A       98%         3
 Teleport Other           Tloc           0%         N/A       98%         3
 Animate Dead             Necr           0%         N/A       100%        4
 Olgreb's Toxic Radiance  Pois           0%         N/A       100%        4
 Petrify                  Tmut/Erth      0%         N/A       100%        4
 Blade Hands              Tmut           0%         N/A       100%        5
 Borgnjor's Vile Clutch   Necr/Erth      0%         N/A       100%        5
 Irradiate                Conj/Tmut      0%         3d13      100%        5
 Summon Forest            Summ/Tloc      0%         N/A       100%        5
 Summon Mana Viper        Hex/Summ       0%         N/A       100%        5
 Yara's Violent Unravell  Hex/Tmut       0%         3d3       100%        5
 Death Channel            Necr           0%         N/A       100%        6
 Dispersal                Tloc           0%         N/A       100%        6
 Shadow Creatures         Summ           N/A        N/A       100%        6
 Dragon Form              Tmut           0%         N/A       100%        7


Dungeon Overview and Level Annotations

Branches:
Dungeon (15/15)            Temple (1/1) D:6            Lair (6/6) D:11
 Shoals (0/4) Lair:2       Spider (1/4) Lair:2        Slime (0/5) Lair:6
    Orc (2/2) D:9             Elf (0/3) Orc:2        Vaults (0/5) D:13
 Depths (0/5) D:15         Bailey (visited)           IceCv (visited)

Altars:
Ashenzari
Cheibriados
Dithmenos
Elyvilon
Fedhas
Gozag
Hepliaklqana
Kikubaaqudgha
Makhleb
Nemelex Xobeh
Okawaru
Qazlal
Ru
Sif Muna
Trog
Uskayaw
Vehumet
Wu Jian
Xom
Yredelemnul
Zin
The Shining One
Beogh
Jiyva

Shops:
D:2 *   D:4 !   D:9 [   D:15 !   Orc:2 !([**

Portals:
Trove: D:13 (give 6 scrolls of blinking)


Innate Abilities, Weirdness & Mutations

You are too large for most types of armour.
You have claws for hands.
Your natural rate of healing is unusually fast.
You are covered in fur. (AC +1)
You have tough skin. (AC +1)


Message History

The redback poisons you! You block the wolf spider's attack.
The wolf spider bites you but does no damage.
You block the wolf spider's attack. The wolf spider barely misses you.
You block the redback's attack. The wolf spider hits you!
* * * LOW HITPOINT WARNING * * *
The wolf spider bites you but does no damage.
The redback barely misses you.
The redback bites you but does no damage.
The wolf spider barely misses you. You block the wolf spider's attack.
You feel better. You block the wolf spider's attack.
The wolf spider barely misses you. You block the redback's attack.
You block the wolf spider's attack. x2; The redback bites you.
* * * LOW HITPOINT WARNING * * *
The wolf spider closely misses you. The wolf spider completely misses you.
The redback barely misses you. The wolf spider closely misses you.
The wolf spider misses you.
You closely miss the wolf spider.
The wolf spider is almost dead.
You block the redback's attack. You block the wolf spider's attack.
The wolf spider misses you. The redback closely misses you.
The wolf spider hits you!!
* * * LOW HITPOINT WARNING * * *
The wolf spider closely misses you. The redback bites you!
* * * LOW HITPOINT WARNING * * *
The wolf spider closely misses you. You block the wolf spider's attack.
You eviscerate the wolf spider!!!
You kill the wolf spider!
The redback bites you!
* * * LOW HITPOINT WARNING * * *
You block the wolf spider's attack. The wolf spider closely misses you.
You block the redback's attack. The redback bites you.
* * * LOW HITPOINT WARNING * * *
You are lethally poisoned!
The redback poisons you! The wolf spider closely misses you.
You block the wolf spider's attack. You block the jumping spider's attack.
The jumping spider bites you but does no damage.
The redback bites you.
* * * LOW HITPOINT WARNING * * *
The wolf spider hits you!
You die...

#.....# ##...### ### ##.....#
#.#####≈#...## #######
##.≈≈≈.≈≈≈...###..##.##
##.≈.≈≈.≈≈?≈............ ####
#..≈≈.≈.≈.≈≈............
#..########.≈≈≈sss≈≈≈............
#....#P##.#....s@†...............
#...........≈≈≈ss†≈≈≈...>........
#...........≈≈.≈.≈.≈≈............
##.>......(.≈.≈≈.≈≈.≈......#.###.
#.##........≈≈≈.≈≈≈.....##.## ##
#########...............####
#.###.........#...###
####..............#.#
##..............##


You could see 2 wolf spiders, a jumping spider and 3 redbacks.

Vanquished Creatures
  A shard shrike (IceCv)
  An orc warlord (Bailey)
  A white draconian (IceCv)
  A fire dragon (Lair:6)
  Snorg (D:11)
  A rakshasa (D:14)
  Harold (D:13)
  10 hydras
  An ogre mage (D:15)
  A catoblepas (Lair:4)
  4 boulder beetles
  3 ironbound frosthearts (IceCv)
  4 centaur warriors
  A death knight (D:15)
  8 two-headed ogres
  16 death yaks
  4 orc high priests
  Urug (D:13)
  A hell knight (D:13)
  5 skeletal warriors
  A spark wasp zombie (D:15)
  A tengu zombie (D:15)
  An orange crystal statue (IceCv)
  3 wizards
  A lindwurm (Lair:6)
  A deep elf pyromancer (D:12)
  2 phantasmal warriors
  9 orc knights
  A necromancer (D:15)
  15 ugly things
  A frost giant zombie (D:15)
  4 orc sorcerers
  4 cyclopes
  A wolf spider (Lair:2)
  4 manticores
  12 elephants
  6 black mambas
  A merfolk siren (Lair:2)
  2 molten gargoyles (Lair:6)
  A spriggan zombie (D:15)
  10 cane toads
  A torpor snail (shapeshifter) (D:13)
  An unseen horror (D:7)
  Psyche (D:11)
  2 gargoyles
  6 yaktaurs (D:15)
  17 rime drakes
  17 komodo dragons
  2 kobold demonologists
  2 tengu conjurers
  A guardian mummy (D:13)
  5 trolls
  17 polar bears
  Grinder (D:4)
  15 blink frogs
  19 slime creatures
  13 dream sheep
  8 water elementals
  4 redbacks (Lair:2)
  9 wraiths
  6 basilisks
  A tarantella (Lair:2)
  6 wyverns
  48 yaks
  8 vampire mosquitoes
  Edmund (D:5)
  Menkaure (D:4)
  4 steam dragons
  A warg (Orc:2)
  An acid dragon (D:14)
  10 water moccasins
  3 hell hounds (Lair:6)
  36 orc warriors
  A swamp drake (D:9)
  A black bear (D:5)
  2 ice beasts
  2 sky beasts (D:6)
  2 necrophages (D:8)
  6 ogres
  29 wolves
  13 centaurs
  3 phantoms (D:5)
  A bullfrog (shapeshifter) (D:15)
  A kobold brigand (D:5)
  18 bullfrogs
  A gnoll sergeant (D:5)
  5 scorpions
  A water moccasin skeleton (D:6)
  13 killer bees
  22 wights
  4 electric eels (D:14)
  A howler monkey (D:12)
  A bullfrog zombie (D:5)
  5 lava snakes (Lair:6)
  2 jellies
  4 centaur zombies
  4 gnoll shamans
  5 hounds
  2 centaur skeletons
  A human zombie (D:8)
  14 orc priests
  Crazy Yiuf (D:7)
  4 iguanas
  18 orc wizards
  Natasha (thrice) (D:4)
  4 hell rats (Lair:6)
  2 hound skeletons (D:4)
  2 mummies (D:8)
  6 howler monkey zombies
  30 gnolls
  A howler monkey skeleton (D:6)
  8 adders
  5 white imps
  2 ufetubi (D:5)
  An adder skeleton (D:4)
  A worm (D:2)
  2 dart slugs
  85 orcs
  6 endoplasms
  3 giant cockroaches
  30 goblins
  24 hobgoblins
  6 jackals
  12 kobolds
  5 quokkas
  9 ball pythons
  7 bats
  4 frilled lizards
  3 rats
862 creatures vanquished.

Vanquished Creatures (collateral kills)
  Louise (D:13)
  A hell knight (D:13)
  A gnoll (Bailey)
  3 goblins (Bailey)
6 creatures vanquished.

Vanquished Creatures (others)
  An orc knight (Bailey)
  A polar bear (IceCv)
  An orc priest (Orc:2)
  An orc wizard (D:9)
  A butterfly (D:4)
  49 fungi
  78 plants
132 creatures vanquished.

Grand Total: 1000 creatures vanquished

Notes
Turn   | Place    | Note
-------+----------+-------------------------------------------
     0 | D:1      | mainiacjoe the Troll Fighter began the quest for the Orb.
     0 | D:1      | Reached XP level 1. HP: 22/22 MP: 0/0
   401 | D:1      | Reached XP level 2. HP: 27/29 MP: 1/1
  1061 | D:2      | Reached XP level 3. HP: 36/36 MP: 2/2
  1078 | D:2      | Found a faded altar of an unknown god.
  1276 | D:2      | Reached skill level 3 in Unarmed Combat
  1276 | D:2      | Reached XP level 4. HP: 27/45 MP: 3/3
  1500 | D:2      | Found Biurch's General Store.
  1510 | D:2      | Bought a potion of heal wounds for 50 gold pieces
  2024 | D:3      | Reached XP level 5. HP: 44/53 MP: 4/4
  2595 | D:3      | Found a stormy altar of Qazlal.
  2602 | D:3      | Found a snail-covered altar of Cheibriados.
  2638 | D:4      | Noticed Grinder
  2655 | D:4      | Killed Grinder
  2656 | D:4      | Reached skill level 4 in Unarmed Combat
  2656 | D:4      | Reached XP level 6. HP: 44/62 MP: 5/5
  2765 | D:4      | Reached XP level 7. HP: 14/71 MP: 6/6
  2870 | D:4      | Noticed Menkaure
  2883 | D:4      | Killed Menkaure
  2884 | D:4      | Reached skill level 5 in Unarmed Combat
  2891 | D:4      | Noticed Natasha
  2901 | D:4      | Killed Natasha
  3023 | D:4      | Found a glowing silver altar of Zin.
  3173 | D:2      | Bought 13 poisoned darts for 52 gold pieces
  3238 | D:4      | Found Houtocos's Distillery.
  3261 | D:4      | Noticed Natasha
  3271 | D:4      | Killed Natasha
  3290 | D:4      | Noticed Natasha
  3295 | D:4      | Killed Natasha
  3304 | D:4      | Reached skill level 5 in Fighting
  3368 | D:4      | Found a white marble altar of Elyvilon.
  3855 | D:5      | Entered Level 5 of the Dungeon
  3863 | D:5      | Reached XP level 8. HP: 80/80 MP: 7/7
  3928 | D:5      | Reached skill level 6 in Unarmed Combat
  4014 | D:5      | Noticed Edmund
  4023 | D:5      | Killed Edmund
  4237 | D:5      | Found a blossoming altar of Fedhas.
  4407 | D:5      | Found a basalt altar of Yredelemnul.
  4473 | D:5      | Reached skill level 7 in Unarmed Combat
  4783 | D:6      | Found a hazy altar of Hepliaklqana.
  4820 | D:6      | Reached XP level 9. HP: 89/89 MP: 8/8
  4844 | D:6      | Found a staircase to the Ecumenical Temple.
  4885 | Temple   | Entered the Ecumenical Temple
  4976 | Temple   | Became a worshipper of Ashenzari the Shackled
  5064 | D:6      | HP: 4/89 [ufetubus (4)]
  5657 | D:6      | Reached skill level 5 in Dodging
  5786 | D:6      | Reached skill level 5 in Shields
  6042 | D:7      | Reached skill level 8 in Unarmed Combat
  6588 | D:7      | Identified a scroll of acquirement
  6598 | D:7      | Acquired a +1 tower shield of fire resistance
  6680 | D:7      | Found a runed translucent door.
  6681 | D:7      | Noticed Crazy Yiuf
  6687 | D:7      | Killed Crazy Yiuf
  7228 | D:8      | Reached XP level 10. HP: 102/102 MP: 9/9
  7268 | D:8      | Noticed a two-headed ogre
  7276 | D:8      | Killed a two-headed ogre
  7277 | D:8      | Reached skill level 9 in Unarmed Combat
  7559 | D:8      | Found an ornate altar of the Wu Jian Council.
  7574 | D:8      | Found a shadowy altar of Dithmenos.
  7579 | D:8      | Found a glowing golden altar of the Shining One.
  7785 | D:8      | Found an ancient bone altar of Kikubaaqudgha.
  7837 | D:9      | Found Vosinkia's Armour Emporium.
  8305 | D:9      | Noticed a two-headed ogre
  8315 | D:9      | Killed a two-headed ogre
  8370 | D:9      | Reached skill level 10 in Unarmed Combat
  8602 | D:9      | Noticed a skeletal warrior
  8603 | D:9      | Reached XP level 11. HP: 115/115 MP: 10/10
  8623 | D:9      | Killed a skeletal warrior
  8650 | D:9      | Found the +5 scythe "Finisher" {speed, eviscerate}
  9046 | D:9      | Found a staircase to the Orcish Mines.
  9276 | D:2      | Bought a +4 ring of evasion for 360 gold pieces
  9571 | D:9      | Reached skill level 11 in Unarmed Combat
  9862 | D:10     | Entered Level 10 of the Dungeon
 10062 | D:10     | Found an opulent altar of Gozag.
 10069 | D:10     | Noticed a two-headed ogre
 10094 | D:10     | Killed a two-headed ogre
 10173 | D:10     | Found a sacrificial altar of Ru.
 10289 | D:10     | Reached * piety under Ashenzari
 10512 | D:11     | Reached skill level 10 in Fighting
 10554 | D:11     | Noticed a boulder beetle
 10576 | D:11     | Killed a boulder beetle
 10605 | D:11     | Noticed Snorg
 10647 | D:11     | Killed Snorg
 10700 | D:11     | Noticed a two-headed ogre
 10709 | D:11     | Killed a two-headed ogre
 10710 | D:11     | Reached skill level 12 in Unarmed Combat
 10710 | D:11     | Reached XP level 12. HP: 98/127 MP: 11/11
 10871 | D:11     | Noticed Psyche
 10912 | D:10     | Identified the cursed +0 cloak of the Enlightened Sorrow
                  | {Range, Alch} (You took it off Crazy Yiuf on level 7 of the
                  | Dungeon)
 10912 | D:10     | Identified the cursed +0 troll leather armour of the
                  | Perceptive Planets {Regen+, Cun, Alch} (You found it on
                  | level 9 of the Dungeon)
 10930 | D:11     | Noticed a six-headed hydra
 10945 | D:11     | Killed a seven-headed hydra
 10952 | D:11     | Killed Psyche
 11228 | D:11     | Found a staircase to the Lair.
 11232 | D:11     | Reached ** piety under Ashenzari
 11377 | Orc:1    | Entered Level 1 of the Orcish Mines
 11428 | Orc:1    | Reached skill level 1 in Throwing
 11781 | Orc:2    | Entered Level 2 of the Orcish Mines
 11891 | Orc:2    | Found Muomour's Assorted Antiques.
 11950 | Orc:2    | Bought a scroll labelled XEHOQI PATUNA for 28 gold pieces
 11950 | Orc:2    | Bought a scroll of magic mapping for 98 gold pieces
 11950 | Orc:2    | Bought a scroll labelled SIFIDEUCROAL for 28 gold pieces
 11950 | Orc:2    | Bought a scroll labelled CEQACZ BUVAU for 28 gold pieces
 11992 | Orc:2    | Found a staircase to the Elven Halls.
 12005 | Orc:2    | Noticed an orc high priest
 12230 | Orc:1    | Killed an orc high priest
 12234 | Orc:1    | Reached skill level 5 in Throwing
 12698 | Orc:2    | Noticed an orc high priest
 12702 | Orc:2    | Killed an orc high priest
 12801 | Orc:2    | Noticed an orc high priest
 12801 | Orc:2    | Noticed an orc high priest
 12828 | Orc:2    | Killed an orc high priest
 12842 | Orc:2    | Killed an orc high priest
 13037 | Orc:2    | Found Body's Armour Shoppe.
 13037 | Orc:2    | Found Neutwew's Assorted Antiques.
 13040 | Orc:2    | Found Ycucvi's Antique Weapon Boutique.
 13040 | Orc:2    | Found Ecau's Distillery.
 13050 | Orc:2    | Bought a potion of heal wounds for 70 gold pieces
 13050 | Orc:2    | Bought a potion of heal wounds for 70 gold pieces
 13052 | Orc:2    | Bought a scarf of resistance for 384 gold pieces
 13321 | Lair:1   | Entered Level 1 of the Lair of Beasts
 13394 | Lair:1   | Reached XP level 13. HP: 135/135 MP: 12/12
 14214 | Lair:2   | Reached skill level 10 in Throwing
 14266 | Lair:2   | Found a staircase to the Shoals.
 14371 | Lair:2   | Found a hole to the Spider Nest.
 15421 | Lair:3   | Reached skill level 1 in Evocations
 15946 | Lair:3   | Acquired an amulet of the acrobat
 16173 | Lair:3   | Reached *** piety under Ashenzari
 17596 | Lair:4   | Identified the +6 hand axe of Guilt {vorpal, rC+}
 17825 | Lair:4   | Reached skill level 1 in Armour
 17875 | Lair:4   | Reached XP level 14. HP: 135/149 MP: 13/13
 19133 | Lair:6   | Entered Level 6 of the Lair of Beasts
 19165 | Lair:5   | Reached skill level 5 in Evocations
 19594 | Lair:6   | Reached skill level 13 in Unarmed Combat
 20204 | Lair:6   | Found a viscous altar of Jiyva.
 20204 | Lair:6   | Found a staircase to the Slime Pits.
 20334 | Lair:6   | Found a large runed translucent door.
 20553 | Lair:6   | Reached XP level 15. HP: 151/163 MP: 14/14
 20618 | Lair:6   | Found a large runed translucent door.
 21261 | D:12     | Found a flagged portal.
 21350 | Bailey   | Entered a bailey
 21600 | Bailey   | Noticed an orc warlord
 21618 | Bailey   | Killed an orc warlord
 21655 | Bailey   | Identified the +9 rapier of Battle {spect, Drain rElec rN+
                  | Will++}
 21655 | Bailey   | Identified the +8 hand crossbow of Xyofem {vorpal, Int+3}
 21692 | Bailey   | Reached XP level 16. HP: 174/174 MP: 15/15
 21693 | Bailey   | Acquired a manual of Throwing
 22577 | D:13     | Found a portal to a secret trove of treasure.
 22741 | D:13     | Noticed Harold
 22742 | D:13     | Noticed Urug
 22746 | D:13     | Noticed Louise
 22759 | D:13     | Killed Urug
 22759 | D:13     | Killed Harold
 22769 | D:13     | Killed Louise
 22941 | D:13     | Found a gate to the Vaults.
 22964 | D:13     | Identified the +0 helmet of a ziggurat {rC+ Regen+}
 24130 | D:15     | Entered Level 15 of the Dungeon
 24132 | D:15     | Found a snail-covered altar of Cheibriados.
 24250 | D:15     | Reached skill level 14 in Unarmed Combat
 24369 | D:15     | Found a staircase to the Depths.
 24410 | D:15     | Found a frozen archway.
 24439 | IceCv    | Entered an ice cave
 24723 | IceCv    | Reached XP level 17. HP: 153/184 MP: 16/16
 24965 | IceCv    | Noticed a shard shrike
 24971 | IceCv    | Killed a shard shrike
 24974 | IceCv    | Reached skill level 15 in Unarmed Combat
 25439 | D:15     | Found Saucyst's Distillery.
 25929 | Spider:1 | Entered Level 1 of the Spider Nest
 25951 | Lair:2   | HP: 8/187 [redback (4)]
 25951 | Lair:2   | Mangled by a wolf spider

Illustrated notes

Levels and vault maps discovered:
D:1:      tarquinn_simple_flora_water_c, layout_loops_corners,
          minmay_tromino_mix6
D:2:      layout_loops_ring, serial_shops, nicolae_lakefront_shop,
          shapermc_ecumenical_altar_acropolis, serial_bayou_pond_b
D:3:      layout_basic, amethyst_overflow_temple_binary
D:4:      layout_loops_ring, nicolae_elyvilon_peaceful_grove,
          lemuel_doored_altar, serial_shops, nicolae_shop_crystal, uniq_natasha,
          uniq_grinder, uniq_menkaure
D:5:      layout_rooms, fedhas_ov_isle_minmay, lemuel_tele_altar,
          minmay_stone_trees_large, uniq_edmund
D:6:      layout_loops_cross, nicolae_hepliaklqana_hazy_memory,
          minmay_temple_entry_statues, minmay_tree_intersection,
          minmay_pentangle
D:7:      layout_basic, amcnicky_mini_pool_small, grunt_tough_drop,
          uniq_crazy_yiuf_cottage
D:8:      layout_cave_pools, minmay_overflow_temple_star_quad,
          lemuel_mausoleum_altar_kikubaaqudgha
D:9:      layout_basic, erik_orc_1, serial_shops, nicolae_stop_n_shop_1,
          minmay_guarded_unrand_finisher
D:10:     layout_basic, kennysheep_mini, nicolae_ru_great_annihilating_truth
D:11:     layout_big_octagon, grunt_lair_entry_orc_guard_hut,
          serial_column_ruins, column_ruins_hut_pillars,
          column_ruins_columns_corner, column_ruins_open_medium,
          column_ruins_grid_1, column_ruins_grid_3, column_ruins_columns_corner,
          column_ruins_open_medium, uniq_snorg, uniq_psyche
D:12:     layout_rooms, enter_bailey_1, lightli_fourway_metalbox
D:13:     layout_loops_corners, david_vaults_4,
          nicolae_trove_entry_path_of_doom, sword_in_stone
D:14:     layout_irregular_city, chequers_serial_rivers_micro_d, serial_bayou,
          serial_bayou_lake_a, serial_bayou_pond_b, serial_bayou_lagoon_b,
          serial_bayou_ford_a
D:15:     gammafunk_depths_entry_grave, layout_rooms, serial_shops,
          nicolae_shop_behind_doors, portal_ice_cave_entry_pillars_three,
          cheibriados_altar_1, nicolae_underground_beach, uniq_louise
Temple:   nicolae_temple_figure_zero
Lair:1:   layout_gridlike
Lair:2:   layout_hall_layers, minmay_shoals_entry_lonely_mermaid,
          spider_nest_entry_a
Lair:3:   layout_layer_cave, grunt_megastairs_3
Lair:4:   layout_layer_cave
Lair:5:   layout_regular_city, hangedman_lair_unloving_vines
Lair:6:   cheibrodos_lair_end_hotspot, layout_gridlike,
          dpeg_slime_entry_enclosed_altar
Spider:1: layout_spider_delve
Orc:1:    layout_diamond_mine
Orc:2:    grunt_orc_tribal_feast, layout_caves, basic_altar, serial_shops,
          nicolae_shop_overgrown_old_shop

Skill      XL: |  1  2  3  4  5  6  7  8  9 10 11 12 13 14 15 16 17 |
---------------+----------------------------------------------------+-----
Fighting       | 3 4 5 6 7 9 10 11 12 13 | 13.7
Unarmed Combat | 3 4 5 7 8 10 12 13 14 15 | 15.4
Dodging        | 3 4 5 7 |  7.0
Shields        | 3 4 5 6 7 8 9 |  9.2
Throwing       | 8 12 | 12.0
Evocations     | 3 6 7 8 |  8.0
Armour         | 1 3 |  3.0

Action                   |  1- 3 |  4- 6 |  7- 9 | 10-12 | 13-15 | 16-18 || total
-------------------------+-------+-------+-------+-------+-------+-------++-------
Melee: Unarmed           |    68 |   155 |   331 |   558 |   900 |   539 ||  2551
 Fire: Hand crossbow     |       |       |    95 |   225 |    24 |     6 ||   350
Throw: Stone             |    68 |   100 |    49 |       |   272 |   121 ||   610
       Dart              |       |       |    64 |    69 |    12 |       ||   145
       Boomerang         |       |       |       |       |   103 |    72 ||   175
       Large rock        |       |       |       |       |     5 |     7 ||    12
       Javelin           |       |       |       |       |       |     4 ||     4
Invok: Curse Item        |       |       |     1 |     3 |     3 |       ||     7
       Shatter the Chain |       |       |     1 |     1 |     1 |       ||     3
Evoke: Wand              |       |       |       |     1 |     5 |     5 ||    11
       Lightning rod     |       |       |       |       |       |     3 ||     3
       Piece from Xom's  |       |       |       |       |       |     1 ||     1
  Use: Potion            |       |     1 |       |     2 |     1 |     3 ||     7
       Scroll            |       |       |     6 |     3 |     7 |     3 ||    19
 Stab: Paralysed         |       |       |       |     2 |       |       ||     2
       Petrified         |       |       |       |       |       |     2 ||     2
       Sleeping          |       |       |       |       |       |     1 ||     1
Armor: Robe              |    13 |    38 |    53 |       |       |       ||   104
       Acid dragon scale |       |       |     8 |    21 |       |       ||    29
       Troll leather arm |       |       |       |    69 |    66 |    59 ||   194
       Skin              |       |       |       |    16 |       |       ||    16
Dodge: Dodged            |    25 |    48 |   109 |   143 |   211 |   175 ||   711
Block: Kite shield       |    25 |    69 |   173 |       |       |       ||   267
       Tower shield      |       |       |    80 |   665 |   935 |   550 ||  2230
